 Dungeon Crawl Stone Soup version 0.30-a0-879-ga8ba668304 (webtiles) character file.

Game seed: 6554615443002624772

2808 Jackthecabe the Thrower (level 9, -3/72 HPs)
             Began as a Gnoll Wanderer on Mar 13, 2023.
             Was a Believer of Ashenzari.
             Succumbed to an orc warrior's poison
             ... on level 8 of the Dungeon.
             The game lasted 00:23:21 (9294 turns).

Jackthecabe the Thrower (Gnoll Wanderer)            Turns: 9294, Time: 00:23:22

Health: -3/72      AC:  6    Str: 15    XL:     9   Next: 72%
Magic:  1/20       EV: 13    Int: 20    God:    Ashenzari [**....]
Gold:   444        SH:  0    Dex: 10    Spells: 14/22 levels left

rFire   + . .      SeeInvis +    a - +2 sling
rCold   . . .      Faith    .    (no shield)
rNeg    . . .      Spirit   +    f - +0 leather armour "Lashed With Me" {Alch, Fort} (curse)
rPois   .          Reflect  .    r - +0 helmet of the Revealing Comet {Fort, Self} (curse)
rElec   .          Rampage  .    (no cloak)
rCorr   .                        m - +0 pair of gloves "Eternal Suspicion" {Cun, Fort} (curse)
Will    .....                    (no boots)
Stlth   +++                      H - amulet "Omniscient Gnosis" {Spirit, Self, Cun} (curse)
HPRegen 0.32/turn                I - +6 ring of intelligence
MPRegen 0.17/turn                F - ring of protection from fire

@: lethally poisoned (-3 -> -38), very slightly contaminated
A: fangs 1, strong nose, distributed training
a: Renounce Religion, Shatter the Chains


You were on level 8 of the Dungeon.
You worshipped Ashenzari.
Ashenzari was pleased with you.
You visited 2 branches of the dungeon, and saw 9 of its levels.

You collected 444 gold pieces.


Innate Abilities, Weirdness & Mutations

You have very sharp teeth.
Your uncanny sense of smell can sniff out nearby items.
Your experience applies equally to all skills.


   Skills:
 + Level 5.4(7.3) Fighting
 + Level 5.4 Short Blades
 + Level 4.7 Long Blades
 + Level 4.7 Axes
 + Level 4.7 Maces & Flails
 + Level 4.7 Polearms
 + Level 4.7 Staves
 + Level 6.6 Ranged Weapons
 + Level 8.1 Throwing
 + Level 4.7(7.1) Armour
 + Level 5.4(7.3) Dodging
 + Level 4.7(6.5) Stealth
 + Level 4.7(7.1) Shields
 + Level 4.7 Unarmed Combat
 + Level 5.5(7.4) Spellcasting
 + Level 3.9 Conjurations
 + Level 3.9 Hexes
 + Level 3.9 Summonings
 + Level 3.9 Necromancy
 + Level 3.9 Translocations
 + Level 3.9(5.0) Transmutations
 + Level 3.9 Fire Magic
 + Level 3.9 Ice Magic
 + Level 3.9 Air Magic
 + Level 3.9 Earth Magic
 + Level 3.9(5.0) Poison Magic
 + Level 5.8 Invocations
 + Level 4.7 Evocations


You had 14 spell levels left.
You knew the following spells:

 Your Spells              Type           Power      Damage    Failure   Level
i - Irradiate             Conj/Tmut      12%        3d15      43%         5
X - Hailstorm             Conj/Ice       23%        3d7       6%          3

Your spell library contained the following spells:

 Spells                   Type           Power      Damage    Failure   Level
 Foxfire                  Conj/Fire      92%        2x1d8     2%          1
 Kiss of Death            Conj/Necr      92%        2d12      2%          1
 Shock                    Conj/Air       92%        1d8       2%          1
 Passwall                 Tmut/Erth      20%        N/A       2%          2
 Confusing Touch          Hex            23%        N/A       6%          3
 Vhi's Electric Charge    Tloc/Air       46%        N/A       6%          3
 Petrify                  Tmut/Erth      25%        N/A       17%         4
 Dispel Undead            Necr           23%        3d12      22%         4
 Leda's Liquefaction      Hex/Erth       11%        N/A       22%         4
 Arcjolt                  Conj/Air       11%        1d21      52%         5
 Starburst                Conj/Fire      11%        6d5       97%         6
 Maxwell's Capacitive Co  Air            11%        ∞         100%        8
 Chain Lightning          Conj/Air       11%        3d15      100%        9
 Fire Storm               Conj/Fire      11%        8d3       100%        9
 Shatter                  Erth           11%        3d12*     100%        9

Inventory:

Hand Weapons
 a - a +2 sling (weapon)
 z - a +1 dagger of venom
Missiles
 v - a throwing net {=f}
 J - a curare-tipped dart {=f}
Armour
 f - the cursed +0 leather armour "Lashed With Me" (worn) {Alch, Fort}

   It has a curse which improves the following skills: Alchemy: Poison Magic and
   Transmutations.
   Fortitude: Armour and Shields.
 g - a +2 robe of cold resistance
 m - the cursed +0 pair of gloves "Eternal Suspicion" (worn) {Cun, Fort}
   (You found it on level 2 of the Dungeon)

   It has a curse which improves the following skills: Cunning: Dodging and
   Stealth.
   Fortitude: Armour and Shields.
 r - the cursed +0 helmet of the Revealing Comet (worn) {Fort, Self}
   (You found it on level 3 of the Dungeon)

   It has a curse which improves the following skills: Fortitude: Armour and
   Shields.
   Introspection: Fighting and Spellcasting.
 D - the +0 pair of gloves "Suesixze" {Int+5 Dex+4}
   (You found it on level 6 of the Dungeon)

   Int:       It affects your intelligence (+5).
   Dex:       It affects your dexterity (+4).
 K - the +2 ring mail of the Guardian {Fly}
   (You found it on level 7 of the Dungeon)

   Fly:       It grants you flight.
Jewellery
 C - a ring of ice
 F - a ring of protection from fire (right hand)
 H - the cursed amulet "Omniscient Gnosis" (around neck) {Spirit, Self, Cun}
   (You found it on level 5 of the Dungeon)

   [amulet of guardian spirit]

   It causes incoming damage to be divided between your reserves of health and
   magic.
   It has a curse which improves the following skills: Introspection: Fighting
   and Spellcasting.
   Cunning:   Dodging and Stealth.
 I - a +6 ring of intelligence (left hand)
 M - a ring of magical power
 T - a +4 ring of protection
Wands
 c - a wand of iceblast (5)
 d - a wand of polymorph (11)
 x - a wand of paralysis (5)
 y - a wand of mindburst (10)
 N - a wand of flame (18)
Scrolls
 e - a scroll of blinking
 h - 5 scrolls of teleportation {@r2}
 l - 5 scrolls of enchant weapon
 q - 2 scrolls of immolation
 s - 3 scrolls of enchant armour
 t - a scroll of silence {!r}
 u - 2 scrolls of fog
 A - 2 scrolls of summoning
 B - a scroll of acquirement
 L - 3 scrolls of fear
Potions
 i - a potion of attraction
 j - a potion of flight
 k - 2 potions of might
 n - 2 potions of haste {@q3}
 o - 2 potions of mutation
 w - a potion of cancellation
 E - a potion of brilliance
 G - a potion of lignification

Dungeon Overview and Level Annotations

Branches:
Dungeon (8/15)             Temple (1/1) D:4
   Lair: D:8-11

Altars:
Ashenzari
Cheibriados
Dithmenos
Fedhas
Gozag
Hepliaklqana
Kikubaaqudgha
Makhleb
Nemelex Xobeh
Okawaru
Qazlal
Ru
Sif Muna
Uskayaw
Vehumet
Wu Jian
Yredelemnul
The Shining One
Lugonu

Annotations:
D:2 1 runed translucent door, Crazy Yiuf
D:4 Dowan, Duvessa

▒.▓▓▓▓..▒▒▒.▒.▒.▒.▒ *
, ▒........▒..▒▒.▒.▒
,,
▒▒....##...▒▒▒▒.▒▒▒▒
,,▒▒...##..▒▒.....$.▒
..▒▒.....▒▒..#####..▒
.#..▒▒▒.▒▒▒..## *..▒
* ..........[.## ...
#.........o.# , , ..
.......#@##...# * # *
#.####.#.####.# * * .
, ,#.#.., ,.#, ∆ * *
* * #.####* # * * ,
#. , , >* ,## * * , ,
, * * * ** ,


You could see an orc warrior.


Message History

Nothing appears to happen.
You feel very sick.
The orc warrior hits you from afar with a +0 halberd of venom.
* * * LOW HITPOINT WARNING * * *
You are more poisoned.
Casting: Hailstorm (dangerous; 6% risk of failure)
Confirm with . or Enter, or press ? or * to list all spells.
Casting: Hailstorm (dangerous; 6% risk of failure)
Press: ? - help, Dir - look around, f - activate You miscast Hailstorm.
Nothing appears to happen.
* * * LOW HITPOINT WARNING * * *
You feel extremely sick.
The orc warrior hits you from afar with a +0 halberd of venom.
* * * LOW HITPOINT WARNING * * *
Casting: Hailstorm (dangerous; 6% risk of failure)
Confirm with . or Enter, or press ? or * to list all spells.
Casting: Hailstorm (dangerous; 6% risk of failure)
Press: ? - help, Dir - look around, f - activate You miscast Hailstorm.
Nothing appears to happen.
* * * LOW HITPOINT WARNING * * *
You feel very sick.
The orc warrior hits you from afar with a +0 halberd of venom!
* * * LOW HITPOINT WARNING * * *
You are more poisoned.
Okay, then.
Aiming: Mindburst
Press: ? - help, Shift-Dir - straight line, f - orc warrior
Aim: an orc warrior, wielding a +0 halberd of venom and wearing a +0 chain mail (severely wounded, chance to affect: 81%)
The orc warrior barely resists.
You die...

Skill      XL: |  1  2  3  4  5  6  7  8  9 |
---------------+----------------------------+-----
Long Blades    | 1 2 3 4 |  4.7
Axes           | 1 2 3 4 |  4.7
Maces & Flails | 1 2 3 4 |  4.7
Polearms       | 1 2 3 4 |  4.7
Staves         | 1 2 3 4 |  4.7
Armour         | 1 2 3 4 |  4.7
Stealth        | 1 2 3 4 |  4.7
Shields        | 1 2 3 4 |  4.7
Unarmed Combat | 1 2 3 4 |  4.7
Evocations     | 1 2 3 4 |  4.7
Spellcasting   | 3 4 5 |  5.5
Conjurations   | 1 2 3 |  3.9
Hexes          | 1 2 3 |  3.9
Summonings     | 1 2 3 |  3.9
Necromancy     | 1 2 3 |  3.9
Translocations | 1 2 3 |  3.9
Transmutations | 1 2 3 |  3.9
Fire Magic     | 1 2 3 |  3.9
Ice Magic      | 1 2 3 |  3.9
Air Magic      | 1 2 3 |  3.9
Earth Magic    | 1 2 3 |  3.9
Poison Magic   | 1 2 3 |  3.9
Invocations    | 3 4 5 |  5.8
Fighting       | 3 4 5 |  5.4
Short Blades   | 3 4 5 |  5.4
Dodging        | 3 4 5 |  5.4
Ranged Weapons | 5 6 |  6.6
Throwing       | 7 8 |  8.1

Action                     |  1- 3 |  4- 6 |  7- 9 || total
---------------------------+-------+-------+-------++-------
   Fire: Sling             |   103 |   169 |   368 ||   640
  Throw: Boomerang         |    31 |    41 |   106 ||   178
         Dart              |       |       |     1 ||     1
   Cast: Hailstorm         |       |       |    12 ||    12
 Invoke: Curse Item        |       |       |     4 ||     4
  Evoke: Wand              |       |       |     9 ||     9
    Use: Potion            |       |       |     3 ||     3
         Scroll            |       |       |     2 ||     2
 Armour: Leather armour    |    21 |    54 |   129 ||   204
  Dodge: Dodged            |    54 |    68 |   307 ||   429

Levels and vault maps discovered:
D:1:      minmay_arrival_diagonal_passages, layout_basic,
          hellmonk_ecumenical_altar_run_dry, serial_forest,
          infiniplex_forest_straight_2, infiniplex_forest_clump_cross,
          infiniplex_forest_clump_C, infiniplex_forest_clump_diagonal,
          infiniplex_forest_end_2, infiniplex_forest_clump_long,
          infiniplex_forest_corner_2, infiniplex_forest_lined_ring,
          infiniplex_forest_clump_cross
D:2:      kb_forest_paths, layout_loops_corners, basic_altar, bh_walls_and_bars,
          uniq_crazy_yiuf_cottage, uniq_jessica
D:3:      layout_loops_ring, mainiacjoe_overflow_concentric_impassable,
          mainiacjoe_overflow_boulevard, nicolae_yredelemnul_corpse_copse
D:4:      layout_layer_cave, kennysheep_mini_moat, tgw_trog,
          kiku_gazebo_pond_becter, minmay_temple_entry_statues_pillars,
          uniq_duvessa
D:5:      layout_basic, nicolae_uskayaw_dance_hall, kennysheep_decorative_pillar
D:6:      layout_cave_pools, uniq_sigmund, uniq_grinder
D:7:      layout_loops_ring, grunt_qazlal_clouds, old_standard_altar,
          nemelex_xobeh_ov_fountains_minmay, nicolae_wu_jian_wuxing_cycle,
          kennysheep_slug_shrine, uniq_menkaure
D:8:      minmay_the_grid_octo_tiled_octocenter
          [minmay_the_grid_octo_thin_diamonds, minmay_the_grid_octo_odd_swirl,
          minmay_the_grid_octo_tetromino_candy,
          minmay_the_grid_octo_fat_diamond, minmay_the_grid_octo_prize_star,
          minmay_the_grid_square_5x5_fancy_junction,
          minmay_the_grid_square_5x5_forky,
          minmay_the_grid_square_5x5_six_small,
          minmay_the_grid_square_5x5_corner], layout_basic,
          mainiacjoe_overflow_alcove_1, serial_shops, nicolae_lakefront_shop,
          kennysheep_nub
Temple:   corrupted_temple

Notes
Turn   | Place    | Note
-------+----------+-------------------------------------------
     0 | D:1      | Jackthecabe the Gnoll Wanderer began the quest for the Orb.
     0 | D:1      | Jackthecabe set off with the following items: a +2 sling, a
                  | +0 short sword, 9 boomerangs, a +0 dagger, a scroll of
                  | blinking, a +0 leather armour.
     0 | D:1      | Reached XP level 1. HP: 17/17 MP: 4/4
     6 | D:1      | Found a faded altar of an unknown god.
   224 | D:1      | Reached XP level 2. HP: 23/23 MP: 5/5
   642 | D:1      | Reached XP level 3. HP: 21/28 MP: 7/7
  1238 | D:2      | Reached skill level 1 in Long Blades
  1238 | D:2      | Reached skill level 1 in Axes
  1238 | D:2      | Reached skill level 1 in Maces & Flails
  1238 | D:2      | Reached skill level 1 in Polearms
  1238 | D:2      | Reached skill level 1 in Staves
  1238 | D:2      | Reached skill level 1 in Armour
  1238 | D:2      | Reached skill level 1 in Stealth
  1238 | D:2      | Reached skill level 1 in Shields
  1238 | D:2      | Reached skill level 1 in Unarmed Combat
  1238 | D:2      | Reached skill level 1 in Evocations
  1564 | D:2      | Reached XP level 4. HP: 34/34 MP: 8/8
  1711 | D:2      | Reached skill level 3 in Spellcasting
  1768 | D:2      | Found a basalt altar of Yredelemnul.
  1846 | D:2      | Found a runed translucent door.
  1847 | D:2      | Noticed Crazy Yiuf
  2004 | D:3      | Noticed a black bear
  2121 | D:3      | Reached skill level 1 in Conjurations
  2121 | D:3      | Reached skill level 1 in Hexes
  2121 | D:3      | Reached skill level 1 in Summonings
  2121 | D:3      | Reached skill level 1 in Necromancy
  2121 | D:3      | Reached skill level 1 in Translocations
  2121 | D:3      | Reached skill level 1 in Transmutations
  2121 | D:3      | Reached skill level 1 in Fire Magic
  2121 | D:3      | Reached skill level 1 in Ice Magic
  2121 | D:3      | Reached skill level 1 in Air Magic
  2121 | D:3      | Reached skill level 1 in Earth Magic
  2121 | D:3      | Reached skill level 1 in Poison Magic
  2165 | D:3      | Reached skill level 3 in Invocations
  2165 | D:3      | Reached XP level 5. HP: 21/40 MP: 9/9
  2252 | D:3      | Found a basalt altar of Yredelemnul.
  2305 | D:3      | Reached skill level 3 in Fighting
  2305 | D:3      | Reached skill level 3 in Short Blades
  2305 | D:3      | Reached skill level 3 in Dodging
  2313 | D:3      | Noticed an ogre
  2317 | D:3      | Found an iron altar of Okawaru.
  2331 | D:3      | Killed an ogre
  2332 | D:3      | Reached XP level 6. HP: 47/47 MP: 9/11
  2667 | D:3      | Reached skill level 5 in Ranged Weapons
  2674 | D:3      | Found a radiant altar of Vehumet.
  2740 | D:2      | Noticed Jessica
  2742 | D:2      | Killed Jessica
  2743 | D:2      | Reached skill level 2 in Long Blades
  2743 | D:2      | Reached skill level 2 in Axes
  2743 | D:2      | Reached skill level 2 in Maces & Flails
  2743 | D:2      | Reached skill level 2 in Polearms
  2743 | D:2      | Reached skill level 2 in Staves
  2743 | D:2      | Reached skill level 2 in Armour
  2743 | D:2      | Reached skill level 2 in Stealth
  2743 | D:2      | Reached skill level 2 in Shields
  2743 | D:2      | Reached skill level 2 in Unarmed Combat
  2743 | D:2      | Reached skill level 2 in Evocations
  2932 | D:3      | Killed a black bear
  3041 | D:4      | Learned a level 3 spell: Vhi's Electric Charge
  3460 | D:3      | Reached skill level 7 in Throwing
  3460 | D:3      | Reached XP level 7. HP: 21/52 MP: 12/12
  3735 | D:4      | Found an ancient bone altar of Kikubaaqudgha.
  3802 | D:4      | Reached skill level 2 in Conjurations
  3802 | D:4      | Reached skill level 2 in Hexes
  3802 | D:4      | Reached skill level 2 in Summonings
  3802 | D:4      | Reached skill level 2 in Necromancy
  3802 | D:4      | Reached skill level 2 in Translocations
  3802 | D:4      | Reached skill level 2 in Transmutations
  3802 | D:4      | Reached skill level 2 in Fire Magic
  3802 | D:4      | Reached skill level 2 in Ice Magic
  3802 | D:4      | Reached skill level 2 in Air Magic
  3802 | D:4      | Reached skill level 2 in Earth Magic
  3802 | D:4      | Reached skill level 2 in Poison Magic
  3809 | D:4      | Found a staircase to the Ecumenical Temple.
  3820 | Temple   | Entered the Ecumenical Temple
  3853 | Temple   | Became a worshipper of Ashenzari the Shackled
  4259 | D:4      | Noticed Duvessa
  4265 | D:4      | Noticed Dowan
  4484 | D:4      | Reached skill level 4 in Invocations
  4692 | D:4      | Found a hazy altar of Hepliaklqana.
  4947 | D:5      | Entered Level 5 of the Dungeon
  5007 | D:5      | Reached skill level 4 in Spellcasting
  5102 | D:5      | Found a hide-covered altar of Uskayaw.
  5549 | D:5      | Reached * piety under Ashenzari
  5549 | D:5      | Identified 2 scrolls of acquirement
  5782 | D:6      | Noticed Sigmund
  5838 | D:6      | Reached skill level 4 in Fighting
  5838 | D:6      | Reached skill level 4 in Short Blades
  5838 | D:6      | Reached skill level 3 in Long Blades
  5838 | D:6      | Reached skill level 3 in Axes
  5838 | D:6      | Reached skill level 3 in Maces & Flails
  5838 | D:6      | Reached skill level 3 in Polearms
  5838 | D:6      | Reached skill level 3 in Staves
  5838 | D:6      | Reached skill level 3 in Armour
  5838 | D:6      | Reached skill level 4 in Dodging
  5838 | D:6      | Reached skill level 3 in Stealth
  5838 | D:6      | Reached skill level 3 in Shields
  5838 | D:6      | Reached skill level 3 in Unarmed Combat
  5838 | D:6      | Reached skill level 3 in Evocations
  5984 | D:6      | Reached XP level 8. HP: 61/61 MP: 15/15
  6243 | D:6      | Noticed Grinder
  6264 | D:6      | Killed Grinder
  6265 | D:6      | Reached skill level 3 in Conjurations
  6265 | D:6      | Reached skill level 3 in Hexes
  6265 | D:6      | Reached skill level 3 in Summonings
  6265 | D:6      | Reached skill level 3 in Necromancy
  6265 | D:6      | Reached skill level 3 in Translocations
  6265 | D:6      | Reached skill level 3 in Transmutations
  6265 | D:6      | Reached skill level 3 in Fire Magic
  6265 | D:6      | Reached skill level 3 in Ice Magic
  6265 | D:6      | Reached skill level 3 in Air Magic
  6265 | D:6      | Reached skill level 3 in Earth Magic
  6265 | D:6      | Reached skill level 3 in Poison Magic
  6289 | D:6      | Reached skill level 6 in Ranged Weapons
  6289 | D:6      | Reached skill level 5 in Invocations
  6341 | D:6      | Identified the +0 pair of gloves "Suesixze" {Int+5 Dex+4}
  6360 | D:6      | Identified Sif Muna's Quarto of the Quarry
  6988 | D:6      | Reached ** piety under Ashenzari
  7003 | D:6      | Reached XP level 9. HP: 71/71 MP: 19/19
  7082 | D:6      | Reached skill level 4 in Long Blades
  7082 | D:6      | Reached skill level 4 in Axes
  7082 | D:6      | Reached skill level 4 in Maces & Flails
  7082 | D:6      | Reached skill level 4 in Polearms
  7082 | D:6      | Reached skill level 4 in Staves
  7082 | D:6      | Reached skill level 4 in Armour
  7082 | D:6      | Reached skill level 4 in Stealth
  7082 | D:6      | Reached skill level 4 in Shields
  7082 | D:6      | Reached skill level 4 in Unarmed Combat
  7082 | D:6      | Reached skill level 4 in Evocations
  7246 | D:6      | Killed Sigmund
  7247 | D:6      | Reached skill level 5 in Spellcasting
  7360 | D:7      | Found a snail-covered altar of Cheibriados.
  7430 | D:7      | Reached skill level 5 in Fighting
  7430 | D:7      | Reached skill level 5 in Short Blades
  7430 | D:7      | Reached skill level 5 in Dodging
  7571 | D:7      | Noticed Menkaure
  7626 | D:7      | Killed Menkaure
  7736 | D:7      | Found a shimmering blue altar of Sif Muna.
  7806 | D:7      | Identified the +2 ring mail of the Guardian {Fly}
  7941 | D:7      | Found a stormy altar of Qazlal.
  7953 | D:7      | Found an ornate altar of the Wu Jian Council.
  7992 | D:7      | Reached skill level 8 in Throwing
  8199 | D:7      | Found a sparkling altar of Nemelex Xobeh.
  8626 | D:7      | Acquired Jackthecabe's Compilation of Conflict and
                  | Topomancy
  8632 | D:7      | Learned a level 3 spell: Hailstorm
  8638 | D:7      | Learned a level 5 spell: Irradiate
  9293 | D:8      | HP: 4/72 [orc warrior/+0 halberd of venom (14)]
  9294 | D:8      | Succumbed to an orc warrior's poison

Vanquished Creatures
  Grinder (D:6)
  Sigmund (D:6)
  A shadow (D:7)
  A steam dragon (D:7)
  Menkaure (D:7)
  An orc warrior (D:7)
  2 black bears
  A sky beast (D:6)
  An ice beast (D:6)
  An ogre (D:3)
  A centaur (D:7)
  A phantom (D:5)
  A kobold brigand (D:6)
  2 bullfrogs (D:6)
  2 scorpions
  3 wights
  A killer bee (D:7)
  A howler monkey (D:7)
  3 hounds
  A jelly (D:5)
  An orc priest (D:7)
  3 gnoll boudas
  Jessica (D:2)
  2 sleepcaps
  3 iguanas
  2 scorpion zombies (D:3)
  3 orc wizards
  12 gnolls
  9 adders
  A shadow imp (D:6)
  2 worms
  4 dart slugs
  16 orcs
  7 ball pythons
  3 endoplasms
  5 giant cockroaches
  12 goblins
  8 hobgoblins
  4 jackals (D:1)
  17 kobolds
  3 quokkas
  4 bats
  5 frilled lizards
  2 quokka zombies (D:3)
  6 rats
162 creatures vanquished.

Vanquished Creatures (others)
  2 fungi (D:2)
  5 plants (D:1)
7 creatures vanquished.

Grand Total: 169 creatures vanquished

Table legend: (Time is in decaauts)
 A = Elapsed time spent in this place.
 B = Non-inter-level travel time spent in this place.
 C = Inter-level travel time spent in this place.
 D = Time resting spent in this place.
 E = Time spent auto-exploring this place.
 F = Levels seen in this place.
 G = Mean time per level.
                   A        B        C        D        E       F      G
               +--------+--------+--------+--------+--------+-----+--------+
         Total |   9433 |   8974 |    459 |   1410 |   5817 |   9 | 1048.1 |
       Dungeon |   9367 |   8920 |    447 |   1410 |   5781 |   8 | 1170.9 |
        Temple |     66 |     54 |     12 |      0 |     36 |   1 |   66.0 |
               +--------+--------+--------+--------+--------+-----+--------+

Top non-repeatable levels by time:
     D:7: 1700 daAuts
     D:4: 1415 daAuts
     D:3: 1330 daAuts
     D:5: 1310 daAuts
     D:2: 1288 daAuts
     D:6: 1277 daAuts
     D:1: 914 daAuts
     D:8: 129 daAuts
  Temple: 66 daAuts

Table legend:
 A = Non-vault XP
 B = Vault XP
 C = Vault XP percentage of total XP
 D = Non-vault monster count
 E = Vault monster count
 F = Vault count percentage of total count
                 A         B        C        D         E       F
            +---------+---------+-------+---------+---------+-------
      Total |    2853 |    1159 |  28.9 |     144 |      18 |  11.1
            +---------+---------+-------+---------+---------+-------
        D:1 |      35 |       0 |   0.0 |      21 |       0 |   0.0
        D:2 |      54 |      48 |  47.1 |      17 |       7 |  29.2
        D:3 |     487 |      75 |  13.3 |      28 |       4 |  12.5
        D:4 |     206 |       0 |   0.0 |      25 |       0 |   0.0
        D:5 |     301 |       0 |   0.0 |      11 |       0 |   0.0
        D:6 |    1068 |     468 |  30.5 |      24 |       2 |   7.7
        D:7 |     629 |     568 |  47.5 |      16 |       5 |  23.8
        D:8 |      70 |       0 |   0.0 |       1 |       0 |   0.0
     Temple |       3 |       0 |   0.0 |       1 |       0 |   0.0
            +---------+---------+-------+---------+---------+-------
